[ AOE2 MATCH · #468735196 ]
UnrankedMalay vs Shu
Player's team · WIN
Rival team · LOSS
[ REPLAY ANALYSIS · EXTRACTED FROM THE RECORDED GAME ]
Feudal
9:00
Castle
20:53
Imperial
—
| APM avg | 47.5 |
| APM peak | 75 |
| eAPM avg | 21.1 |
| Villagers / military | 63 / 48 |
Focus
⚔️ 39.2% · 🌾 60.8%
Archer ×35 · Militia ×7 · Mangonel ×4 · Battering Ram ×2
Feudal
9:53
Castle
25:10
Imperial
—
| APM avg | 67.5 |
| APM peak | 115 |
| eAPM avg | 29.8 |
| Villagers / military | 55 / 41 |
Focus
⚔️ 23.0% · 🌾 77.0%
Archer ×30 · Militia ×4 · Skirmisher ×4 · Mangonel ×3
Match map
Initial resources + every placement click. Lines = walls · curves = elevation contours. ◆ gold · ⬟ stone · ● berries · ✦ relic · ◌ wall gap
Your base
derreiher's base
Smoothed initial terrain · ◌ = detected wall gap · hover for details
Inputs per minute
— un cachorro feliz - - derreiher
Build order — un cachorro feliz
First 150 of 181 actions detected
| 0:01 | Create | Villager (Male) |
| 0:01 | Create | Villager (Male) |
| 0:02 | Build | House |
| 0:03 | Build | House |
| 0:07 | Create | Villager (Male) |
| 0:07 | Create | Villager (Male) |
| 0:07 | Create | Villager (Male) |
| 1:31 | Create | Villager (Male) |
| 1:31 | Create | Villager (Male) |
| 2:00 | Create | Villager (Male) |
| 2:04 | Build | Lumber Camp |
| 2:20 | Create | Villager (Male) |
| 2:57 | Create | Villager (Male) |
| 3:10 | Create | Villager (Male) |
| 3:24 | Build | House |
| 3:27 | Create | Villager (Male) |
| 4:03 | Create | Villager (Male) |
| 4:42 | Create | Villager (Male) |
| 5:06 | Create | Villager (Male) |
| 5:28 | Create | Villager (Male) |
| 5:36 | Build | Barracks |
| 5:53 | Create | Villager (Male) |
| 6:02 | Build | House |
| 6:27 | Create | Villager (Male) |
| 6:40 | Create | Villager (Male) |
| 6:41 | Research | Loom |
| 7:21 | Build | Mining Camp |
| 7:28 | Create | Militia |
| 7:28 | Create | Militia |
| 7:34 | Research | Feudal Age |
| 7:55 | Create | Militia |
| 7:55 | Create | Militia |
| 8:13 | Create | Militia |
| 8:14 | Create | Militia |
| 8:27 | Build | House |
| 8:28 | Build | Palisade Wall |
| 8:37 | Create | Militia |
| 9:00 | Age | Feudal Age |
| 9:15 | Build | Mill |
| 9:33 | Build | Archery Range |
| 9:54 | Research | Man-at-Arms (upgrade) |
| 9:55 | Research | Man-at-Arms (upgrade) |
| 10:11 | Build | House |
| 10:13 | Build | Palisade Wall |
| 10:15 | Build | Palisade Wall |
| 10:36 | Create | Villager (Male) |
| 10:38 | Build | Farm |
| 10:40 | Build | Farm |
| 11:00 | Create | Villager (Male) |
| 11:01 | Create | Archer |
| 11:01 | Create | Archer |
| 11:02 | Create | Archer |
| 11:27 | Build | Farm |
| 11:41 | Create | Villager (Male) |
| 11:49 | Build | House |
| 11:50 | Build | Palisade Wall |
| 12:22 | Create | Archer |
| 12:35 | Create | Villager (Male) |
| 12:38 | Build | Farm |
| 12:38 | Create | Villager (Male) |
| 12:45 | Create | Archer |
| 12:50 | Create | Villager (Male) |
| 12:58 | Create | Villager (Male) |
| 13:06 | Create | Villager (Male) |
| 13:12 | Build | Farm |
| 13:24 | Build | Blacksmith |
| 13:40 | Build | Palisade Wall |
| 13:43 | Create | Villager (Male) |
| 13:44 | Build | House |
| 13:48 | Create | Villager (Male) |
| 13:59 | Create | Archer |
| 14:06 | Build | House |
| 14:11 | Research | Fletching |
| 14:18 | Build | Farm |
| 14:20 | Create | Villager (Male) |
| 14:24 | Build | Palisade Wall |
| 14:25 | Build | Palisade Wall |
| 14:32 | Create | Villager (Male) |
| 14:36 | Create | Archer |
| 15:10 | Create | Archer |
| 15:11 | Create | Villager (Male) |
| 15:13 | Build | House |
| 15:29 | Create | Villager (Male) |
| 15:32 | Build | Farm |
| 15:40 | Create | Villager (Male) |
| 15:45 | Build | Farm |
| 15:47 | Create | Villager (Male) |
| 15:50 | Build | House |
| 15:52 | Create | Villager (Male) |
| 16:34 | Create | Villager (Male) |
| 16:35 | Build | Farm |
| 16:36 | Build | Farm |
| 16:36 | Build | Farm |
| 16:36 | Build | Farm |
| 16:36 | Build | Farm |
| 16:37 | Build | Farm |
| 16:46 | Research | Town Watch |
| 17:00 | Build | Farm |
| 17:03 | Create | Villager (Male) |
| 17:34 | Create | Villager (Male) |
| 18:10 | Build | Market |
| 18:22 | Create | Villager (Male) |
| 18:46 | Build | Palisade Wall |
| 18:52 | Create | Villager (Male) |
| 18:57 | Build | Farm |
| 18:59 | Build | Farm |
| 19:15 | Research | Castle Age |
| 19:23 | Create | Archer |
| 20:07 | Create | Archer |
| 20:10 | Build | Farm |
| 20:11 | Research | Gold Mining |
| 20:37 | Create | Archer |
| 20:52 | Build | Palisade Wall |
| 20:53 | Age | Castle Age |
| 20:54 | Create | Villager (Male) |
| 20:56 | Research | Crossbowman (upgrade) |
| 20:56 | Research | Crossbowman (upgrade) |
| 21:24 | Build | Siege Workshop |
| 21:29 | Research | Bodkin Arrow |
| 21:31 | Create | Villager (Male) |
| 21:35 | Build | Farm |
| 21:39 | Build | Farm |
| 21:48 | Create | Villager (Male) |
| 22:01 | Research | Padded Archer Armor |
| 22:14 | Create | Battering Ram |
| 22:27 | Create | Mangonel |
| 22:30 | Create | Archer |
| 22:31 | Create | Archer |
| 22:32 | Create | Villager (Male) |
| 22:35 | Build | House |
| 22:57 | Create | Archer |
| 22:59 | Create | Villager (Male) |
| 23:02 | Build | Farm |
| 23:02 | Create | Villager (Male) |
| 23:10 | Create | Archer |
| 23:26 | Create | Archer |
| 23:46 | Create | Archer |
| 24:04 | Create | Archer |
| 24:05 | Create | Archer |
| 24:15 | Create | Villager (Male) |
| 24:15 | Create | Villager (Male) |
| 24:43 | Create | Archer |
| 25:00 | Create | Archer |
| 25:00 | Create | Archer |
| 25:22 | Build | House |
| 25:23 | Create | Archer |
| 25:23 | Create | Archer |
| 25:38 | Create | Villager (Male) |
| 25:38 | Create | Villager (Male) |
| 25:44 | Research | Leather Archer Armor |
Build order — derreiher
First 150 of 187 actions detected
| 0:01 | Create | Villager (Male) |
| 0:01 | Create | Villager (Male) |
| 0:02 | Build | House |
| 0:04 | Build | House |
| 0:57 | Create | Villager (Male) |
| 1:08 | Create | Villager (Male) |
| 1:08 | Create | Villager (Male) |
| 1:53 | Create | Villager (Male) |
| 2:05 | Create | Villager (Male) |
| 2:16 | Create | Villager (Male) |
| 2:17 | Create | Villager (Male) |
| 2:38 | Build | Lumber Camp |
| 3:02 | Create | Villager (Male) |
| 3:02 | Create | Villager (Male) |
| 3:03 | Create | Villager (Male) |
| 3:42 | Build | House |
| 3:49 | Create | Villager (Male) |
| 3:49 | Create | Villager (Male) |
| 4:15 | Build | House |
| 4:21 | Create | Villager (Male) |
| 4:21 | Create | Villager (Male) |
| 4:51 | Build | Mill |
| 5:07 | Create | Villager (Male) |
| 5:36 | Create | Villager (Male) |
| 5:55 | Create | Villager (Male) |
| 6:13 | Create | Villager (Male) |
| 6:50 | Create | Villager (Male) |
| 6:50 | Research | Loom |
| 7:21 | Build | Barracks |
| 7:31 | Research | Feudal Age |
| 8:05 | Build | House |
| 8:20 | Create | Militia |
| 8:20 | Create | Militia |
| 8:20 | Create | Militia |
| 8:44 | Create | Militia |
| 8:54 | Build | Palisade Wall |
| 9:09 | Build | Palisade Wall |
| 9:18 | Create | Villager (Male) |
| 9:20 | Build | Mining Camp |
| 9:34 | Build | House |
| 9:53 | Age | Feudal Age |
| 9:57 | Create | Villager (Male) |
| 10:02 | Build | Archery Range |
| 10:38 | Build | Palisade Wall |
| 10:41 | Build | House |
| 10:43 | Build | House |
| 10:49 | Build | House |
| 10:51 | Build | Palisade Wall |
| 11:07 | Create | Villager (Male) |
| 11:35 | Build | House |
| 11:37 | Build | Palisade Wall |
| 11:47 | Create | Archer |
| 11:47 | Create | Archer |
| 11:48 | Create | Villager (Male) |
| 11:49 | Create | Villager (Male) |
| 11:58 | Build | Palisade Wall |
| 11:59 | Build | Palisade Wall |
| 12:01 | Build | Palisade Wall |
| 12:20 | Create | Villager (Male) |
| 12:32 | Create | Villager (Male) |
| 12:53 | Research | Man-at-Arms (upgrade) |
| 12:54 | Create | Villager (Male) |
| 13:03 | Create | Villager (Male) |
| 13:04 | Research | Double-Bit Axe |
| 13:14 | Create | Villager (Male) |
| 13:32 | Build | Farm |
| 13:33 | Build | Farm |
| 13:34 | Create | Villager (Male) |
| 13:46 | Create | Archer |
| 13:53 | Build | Watch Tower |
| 14:02 | Create | Villager (Male) |
| 14:05 | Build | Farm |
| 14:12 | Create | Villager (Male) |
| 14:24 | Build | Blacksmith |
| 14:26 | Build | House |
| 14:28 | Build | Palisade Wall |
| 14:29 | Build | Palisade Wall |
| 14:31 | Build | Palisade Wall |
| 14:36 | Create | Archer |
| 14:53 | Create | Skirmisher |
| 15:05 | Create | Skirmisher |
| 15:14 | Create | Villager (Male) |
| 15:16 | Create | Skirmisher |
| 15:31 | Create | Skirmisher |
| 15:38 | Build | Farm |
| 15:39 | Build | Farm |
| 15:40 | Build | Farm |
| 15:48 | Create | Villager (Male) |
| 16:34 | Research | Fletching |
| 16:45 | Build | Farm |
| 17:06 | Create | Villager (Male) |
| 17:12 | Build | Farm |
| 17:29 | Create | Archer |
| 17:30 | Create | Archer |
| 17:32 | Create | Villager (Male) |
| 17:38 | Build | Archery Range |
| 17:43 | Create | Villager (Male) |
| 17:59 | Create | Villager (Male) |
| 18:03 | Build | Farm |
| 18:06 | Build | Farm |
| 18:28 | Create | Archer |
| 18:29 | Create | Archer |
| 18:31 | Research | Gold Mining |
| 18:46 | Create | Archer |
| 18:58 | Build | Palisade Wall |
| 18:58 | Build | Palisade Wall |
| 19:02 | Create | Archer |
| 19:04 | Create | Villager (Male) |
| 19:04 | Create | Villager (Male) |
| 19:11 | Build | Farm |
| 19:24 | Create | Archer |
| 19:32 | Create | Villager (Male) |
| 19:39 | Build | Farm |
| 19:40 | Build | Farm |
| 19:41 | Build | Farm |
| 19:42 | Build | Farm |
| 19:55 | Build | Lumber Camp |
| 19:58 | Create | Villager (Male) |
| 19:59 | Create | Villager (Male) |
| 20:02 | Create | Villager (Male) |
| 20:42 | Create | Archer |
| 20:43 | Create | Archer |
| 20:50 | Build | Building 796 |
| 20:56 | Build | Palisade Wall |
| 20:57 | Build | Palisade Wall |
| 21:04 | Build | House |
| 21:06 | Build | House |
| 21:07 | Build | House |
| 21:08 | Build | House |
| 21:24 | Build | Market |
| 21:28 | Create | Archer |
| 21:46 | Create | Villager (Male) |
| 22:30 | Research | Castle Age |
| 22:33 | Create | Archer |
| 22:33 | Create | Archer |
| 22:47 | Build | House |
| 22:59 | Create | Archer |
| 23:12 | Build | Lumber Camp |
| 23:21 | Build | House |
| 23:45 | Research | Padded Archer Armor |
| 24:27 | Create | Archer |
| 24:28 | Create | Archer |
| 24:29 | Create | Archer |
| 24:36 | Build | House |
| 24:44 | Build | Palisade Wall |
| 25:10 | Age | Castle Age |
| 25:14 | Research | Crossbowman (upgrade) |
| 25:15 | Research | Bodkin Arrow |
| 25:22 | Build | Mining Camp |
| 25:23 | Create | Villager (Male) |
Match timeline
| 5:36 | un cachorro feliz · first_building Barracks |
| 7:21 | derreiher · first_building Barracks |
| 8:28 | un cachorro feliz · wall_segment Palisade Wall x1 |
| 8:54 | derreiher · wall_segment Palisade Wall x1 |
| 9:00 | un cachorro feliz · age_up feudal |
| 9:09 | derreiher · wall_segment Palisade Wall x11 |
| 9:33 | un cachorro feliz · first_building Archery Range |
| 9:53 | derreiher · age_up feudal |
| 10:02 | derreiher · first_building Archery Range |
| 10:13 | un cachorro feliz · wall_segment Palisade Wall x1 |
| 10:15 | un cachorro feliz · wall_segment Palisade Wall x1 |
| 10:38 | derreiher · wall_segment Palisade Wall x1 |
| 10:51 | derreiher · wall_segment Palisade Wall x1 |
| 11:37 | derreiher · wall_segment Palisade Wall x1 |
| 11:50 | un cachorro feliz · wall_segment Palisade Wall x1 |
| 11:58 | derreiher · wall_segment Palisade Wall x1 |
| 11:59 | derreiher · wall_segment Palisade Wall x1 |
| 12:01 | derreiher · wall_segment Palisade Wall x1 |
| 13:40 | un cachorro feliz · wall_segment Palisade Wall x1 |
| 14:24 | un cachorro feliz · wall_segment Palisade Wall x2 |
| 14:25 | un cachorro feliz · wall_segment Palisade Wall x2 |
| 14:28 | derreiher · wall_segment Palisade Wall x1 |
| 14:29 | derreiher · wall_segment Palisade Wall x1 |
| 14:31 | derreiher · wall_segment Palisade Wall x6 |
| 18:46 | un cachorro feliz · wall_segment Palisade Wall x13 |
| 18:58 | derreiher · wall_segment Palisade Wall x1 |
| 18:58 | derreiher · wall_segment Palisade Wall x1 |
| 19:14 | un cachorro feliz · first_market_buy 100 food |
| 20:52 | un cachorro feliz · wall_segment Palisade Wall x11 |
| 20:53 | un cachorro feliz · age_up castle |
| 20:56 | derreiher · wall_segment Palisade Wall x1 |
| 20:57 | derreiher · wall_segment Palisade Wall x1 |
| 21:03 | un cachorro feliz · first_market_sell 100 wood |
| 21:24 | un cachorro feliz · first_building Siege Workshop |
| 22:26 | derreiher · first_market_buy 100 food |
| 22:29 | derreiher · first_market_sell 100 wood |
| 24:44 | derreiher · wall_segment Palisade Wall x1 |
| 25:10 | derreiher · age_up castle |
| 25:48 | derreiher · first_building Siege Workshop |
| 29:20 | derreiher · wall_segment Palisade Wall x1 |
| 31:45 | derreiher · resign |
[ AI ANALYSIS · 1 CREDIT ]
What really happened in this match?
Wolo.gg analyzes every decision: build order, eco, micro, common mistakes by bracket. Personalized analysis on WhatsApp or Discord in 30 seconds.
Civ guide
Malay
Perfil
Jugador #23277094